 Dungeon Crawl Stone Soup version 0.31.0-12-g77e489cdc1 (webtiles) character file.

Game seed: 10299209860860361207

804 spaghetti the Shooter (level 7, -1/59 HPs)
             Began as a Naga Hunter on Mar 1, 2024.
             Was a Follower of Hepliaklqana.
             Killed from afar by a steam dragon (14 damage)
             ... with a ball of steam
             ... on level 6 of the Dungeon.
             The game lasted 00:04:22 (3629 turns).

spaghetti the Shooter (Naga Hunter)                 Turns: 3629, Time: 00:04:23

Health: -1/59      AC: 13    Str: 13    XL:     7   Next: 91%
Magic:  7/7        EV:  8    Int:  9    God:    Hepliaklqana [*.....]
Gold:   286        SH:  0    Dex: 23    Spells: 6/6 levels left

rFire   . . .        a - +0 shortbow
rCold   . . .        (shield currently unavailable)
rNeg    . . .        h - +0 leather armour of Okeckegg {*Corrode rElec rPois Will+}
rPois   +            (no helmet)
rElec   +            j - +0 cloak
rCorr   .            s - +0 pair of gloves
SInv    +            e - +0 barding
Will    +....        (no amulet)
Stlth   ++           m - +4 ring of protection
HPRegen 0.29/turn    g - +6 ring of dexterity
MPRegen 0.10/turn

%: corrode self (3%)
@: invisible, very slow
A: reduced essence, AC +2, large, see invisible, deformed body, poison
resistance, slowness 2, spit poison 1, naga tail 1
a: Spit Poison, Renounce Religion, Recall Ancestor, Ancestor Identity


You were on level 6 of the Dungeon.
You worshipped Hepliaklqana.
Hepliaklqana was aware of your devotion.
You visited 2 branches of the dungeon, and saw 7 of its levels.

You collected 286 gold pieces.

Inventory:

Hand Weapons
 a - a +0 shortbow (weapon)
Armour
 e - a +0 barding (worn)
 h - the +0 leather armour of Okeckegg (worn) {*Corrode rElec rPois Will+}
   (You found it on level 3 of the Dungeon)

   rElec:     It insulates you from electricity.
   rPois:     It protects you from poison Will+: It increases your willpower.
   *Corrode:  It may corrode you when you take damage.
 j - a +0 cloak (worn)
 s - a +0 pair of gloves (worn)
Jewellery
 d - a +6 ring of intelligence
 g - a +6 ring of dexterity (right hand)
 m - a +4 ring of protection (left hand)
 o - an amulet of magic regeneration
 D - a +5 ring of evasion
Wands
 C - a wand of paralysis (13)
Scrolls
 b - 2 scrolls of butterflies
 c - a scroll of amnesia {unknown}
 i - a scroll of vulnerability {unknown}
 k - a scroll of revelation {unknown}
 n - 3 scrolls of teleportation {unknown}
 p - 2 scrolls of identify {unknown}
 q - a scroll of poison {unknown}
 t - 3 scrolls of enchant armour {unknown}
 u - a scroll of fog {unknown}
 y - a scroll of enchant weapon {unknown}
 B - a scroll of blinking
Potions
 f - a potion of enlightenment
 l - 5 potions of curing
 r - a potion of heal wounds
 w - 2 potions of attraction {unknown}
 x - a potion of mutation {unknown}
 z - a potion of ambrosia
 A - a potion of cancellation {unknown}


   Skills:
 + Level 4.6 Fighting
 + Level 7.8 Ranged Weapons
 - Level 1.5 Dodging
 - Level 1.5 Stealth


You had 6 spell levels left.
You didn't know any spells.
Your spell library contained the following spells:

 Spells                   Type           Power      Damage    Failure   Level
 Kiss of Death            Conj/Necr      0%         2d5       45%         1
 Magic Dart               Conj           0%         1d3       45%         1
 Slow                     Hex            0%         N/A       45%         1
 Lesser Beckoning         Tloc           0%         N/A       61%         2
 Searing Ray              Conj           0%         2d4       61%         2
 Sublimation of Blood     Necr           0%         N/A       61%         2
 Confusing Touch          Hex            0%         N/A       83%         3
 Gell's Gravitas          Tloc           0%         N/A       83%         3
 Hailstorm                Conj/Ice       0%         3d5       83%         3
 Sigil of Binding         Hex            0%         N/A       83%         3
 Summon Ice Beast         Ice/Summ       0%         N/A       83%         3
 Teleport Other           Tloc           0%         N/A       83%         3
 Vampiric Draining        Necr           0%         2d6       83%         3
 Dispel Undead            Necr           0%         3d6       99%         4
 Fulminant Prism          Conj/Alch      0%         3d5       99%         4
 Petrify                  Alch/Erth      0%         N/A       99%         4
 Irradiate                Conj/Alch      0%         3d11      100%        5
 Sculpt Simulacrum        Ice/Alch       0%         N/A       100%        6


Dungeon Overview and Level Annotations

Branches:
Dungeon (6/15)             Temple (1/1) D:4

Altars:
Cheibriados
Elyvilon
Fedhas
Gozag
Hepliaklqana
Kikubaaqudgha
Makhleb
Nemelex Xobeh
Qazlal
Ru
Trog
Uskayaw
Xom
Yredelemnul
Zin
The Shining One


Innate Abilities, Weirdness & Mutations

Your life essence is reduced to manifest your ancestor. (-10% HP)
Your serpentine skin is tough. (AC +2)
You have supernaturally acute eyesight. (SInv)
Armour fits poorly on your strangely shaped body.
Your system is resistant to poisons. (rPois)
You cover ground very slowly.
You can spit poison.
You have a snake-like lower body.


Message History

Unknown command.
Unknown command.
Fire: a) +0 shortbow
Press: ? - help, Q - select action, (/) - cycle Shift-Dir - straight line, f/p - steam dragon
Aim: a steam dragon (heavily wounded, ally target, 68% to hit)
You shoot an arrow. Kammani avoids your attack.
The arrow closely misses the steam dragon.
The steam dragon breathes steam at you.
The ball of steam hits Kammani.
Kammani resists.
The ball of steam hits you!
Kammani closely misses the steam dragon.
Unknown command.
Unknown command.
Unknown command.
It was a potion of invisibility.
You fade into invisibility!
You are engulfed in a cloud of scalding steam.
* * * LOW HITPOINT WARNING * * *
The steam dragon misses Kammani. x2
Kammani closely misses the steam dragon.
Fire: a) +0 shortbow
Press: ? - help, Q - select action, (/) - cycle Shift-Dir - straight line, f/p - steam dragon
Aim: a steam dragon (heavily wounded, unable to see you, catching its breath, ally target, 68% to hit)
You shoot an arrow. The arrow hits the steam dragon.
The steam dragon is severely wounded.
You are engulfed in a cloud of scalding steam.
* * * LOW HITPOINT WARNING * * *
The steam dragon hisses angrily.
The steam dragon barely misses Kammani. x2; Kammani hits the steam dragon.
Unknown command.
Unknown command.
Fire: a) +0 shortbow
Press: ? - help, Q - select action, (/) - cycle Shift-Dir - straight line, f - you
Okay, then.
The ball of steam hits Kammani.
Kammani resists.
A ball of steam appears from out of your range of vision.
The ball of steam hits you!
You die...

...#...# ........#
........## ...^.....##
..........##
[......#.>.###
......#......#### .
..........##...§#####....
........######..@§§......
......### ####§§......
...#### ##R§..... .###
#D..... ## ...... ......
..... ....#


You could see the friendly Kammani the ancestor.

Vanquished Creatures
  A black bear (D:4)
  2 scorpions
  2 vampire bats (D:3)
  2 bombardier beetles
  3 hounds
  Natasha (D:2)
  3 adders
  A shadow imp (D:5)
  A dart slug (D:5)
  9 orcs
  6 bats
  3 bat skeletons (D:3)
  2 bat zombies (D:3)
  5 endoplasms
  A giant cockroach (D:4)
  6 goblins
  4 hobgoblins
  3 jackals (D:1)
  8 kobolds
  3 quokkas
  6 ball pythons
  6 frilled lizards
  4 rats
82 creatures vanquished.

Vanquished Creatures (collateral kills)
  2 bullfrogs (D:6)
  A scorpion (D:6)
  A howler monkey (D:6)
4 creatures vanquished.

Grand Total: 86 creatures vanquished

Notes
Turn   | Place    | Note
-------+----------+-------------------------------------------
     0 | D:1      | spaghetti the Naga Hunter began the quest for the Orb.
     0 | D:1      | Reached XP level 1. HP: 19/19 MP: 1/1
    86 | D:1      | Reached skill level 4 in Ranged Weapons
    86 | D:1      | Reached XP level 2. HP: 24/26 MP: 2/2
   320 | D:1      | Reached XP level 3. HP: 9/32 MP: 3/3
   847 | D:2      | Noticed Natasha
   863 | D:2      | Killed Natasha
   864 | D:2      | Reached skill level 5 in Ranged Weapons
   864 | D:2      | Reached XP level 4. HP: 34/39 MP: 4/4
  1132 | D:2      | You fall into a shaft and drop 1 floor!
  1211 | D:3      | Identified the +0 leather armour of Okeckegg {*Corrode
                  | rElec rPois Will+}
  1433 | D:3      | Reached XP level 5. HP: 45/45 MP: 5/5
  1725 | D:3      | Found an ancient bone altar of Kikubaaqudgha.
  1733 | D:3      | Reached skill level 6 in Ranged Weapons
  1928 | D:3      | Found a bloodstained altar of Trog.
  1998 | D:4      | Reached XP level 6. HP: 49/52 MP: 6/6
  2199 | D:4      | Found a staircase to the Ecumenical Temple.
  2279 | Temple   | Entered the Ecumenical Temple
  2306 | Temple   | Became a worshipper of Hepliaklqana the Forgotten
  2402 | D:4      | Noticed a black bear
  2410 | D:4      | Killed a black bear
  2411 | D:4      | Reached skill level 7 in Ranged Weapons
  2496 | D:4      | Reached XP level 7. HP: 61/62 MP: 7/7
  2586 | D:5      | Entered Level 5 of the Dungeon
  3161 | D:6      | Reached * piety under Hepliaklqana
  3619 | D:6      | Noticed a steam dragon
  3629 | D:6      | Killed from afar by a steam dragon

Illustrated notes

Levels and vault maps discovered:
D:1:      lightli_arrival_statue_moat, layout_basic
D:2:      layout_basic, minmay_misc_feat_encased, uniq_natasha
D:3:      layout_loops_ring, kennysheep_vampire_church,
          nicolae_overflow_hidden_temple
D:4:      layout_basic, minmay_temple_entry_glass, st_stairs_2
D:5:      layout_basic, serial_bayou_lake_a
D:6:      layout_cave_pods
Temple:   jpeg_temple_clearing

Skill      XL: |  1  2  3  4  5  6  7 |
---------------+----------------------+-----
Ranged Weapons | 4 5 6 7 |  7.8
Fighting       | 3 4 |  4.6
Dodging        | |  1.5
Stealth        | |  1.5

Action                     |  1- 3 |  4- 6 |  7- 9 || total
---------------------------+-------+-------+-------++-------
   Fire: Shortbow          |   101 |   141 |    56 ||   298
Ability: Spit Poison       |     3 |     2 |       ||     5
    Use: Potion            |     4 |     3 |     1 ||     8
         Scroll            |     2 |     1 |       ||     3
 Armour: Leather armour    |    47 |    84 |    15 ||   146
  Dodge: Dodged            |    31 |    57 |     3 ||    91
